Map: [ESL] Ancient Cistern

Players

Astrea

  • Race: Protoss Protoss
  • Spawn Location: 1:00

Future - Winner!

  • Race: Terran Terran
  • Spawn Location: 7:00

Event: ESL SC2 Masters 2023 Summer (Regionals)

VOD

Have the link to the VOD?

Description

Time

  • Played on: May 12, 2023, 2:43 p.m.
  • Length: 10:10

All games in this series

Show
View Real Time Build Order
Export as new Build Order

Astrea Protoss 

Build Orders: 1 Gate Expand 

Get SALT Encoding   

  12  0:00  Probe  
  13  0:12  Probe  
  14  0:19  Pylon  
  14  0:24  Probe (Chrono Boost)  
  15  0:38  Probe (Chrono Boost), Gateway  
  16  0:45  Probe (Chrono Boost)  
  17  0:50  Assimilator  
  17  0:53  Probe  
  18  1:05  Probe  
  19  1:17  Probe  
  20  1:25  Cybernetics Core  
  20  1:31  Probe  
  21  1:41  Nexus  
  21  1:45  Pylon  
  21  1:53  Probe  
  22  1:58  Assimilator  
  22  2:01  Adept (Chrono Boost)  
  22  2:05  Probe  
  24  2:27  Probe  
  25  2:30  Stalker (Chrono Boost)  
  27  2:39  Probe  
  28  2:50  Stargate  
  28  2:51  Probe  
  28  2:54  Probe  
  28  2:55  Shield Battery  
  30  3:03  Probe  
  30  3:06  Probe  
  30  3:08  Stalker (Chrono Boost)  
  33  3:15  Probe  
  33  3:18  Probe  
  33  3:27  Probe  
  33  3:31  Probe  
  34  3:37  Stalker (Chrono Boost)  
  34  3:40  Probe  
  41  3:50  Probe  
  41  3:57  Probe  
  41  4:02  Probe  
  36  4:06  Oracle (Chrono Boost)  
  36  4:10  Probe  
  36  4:14  Probe  
  37  4:22  Probe  
  38  4:25  Gateway  
  38  4:26  Probe  
  38  4:28  Pylon  
  39  4:31  Assimilator  
  39  4:33  Assimilator  
  39  4:34  Probe  
  39  4:36  Phoenix (Chrono Boost)  
  42  4:38  Probe  
  43  4:46  Probe, Robotics Facility  
  43  4:50  Probe  
  45  4:57  Phoenix (Chrono Boost)  
  45  4:58  Probe  
  45  4:59  Pylon  
  48  5:02  Probe  
  48  5:04  Warp Gate  
  49  5:10  Probe  
  50  5:17  Probe  
  50  5:20  Phoenix  
  50  5:29  Probe  
  50  5:34  Immortal (Chrono Boost)  
  51  5:41  Probe  
  56  5:45  Probe  
  55  5:51  Phoenix  
  55  5:53  Stalker  
  55  5:55  Stalker  
  61  5:57  Gateway  
  61  6:01  Pylon, Shield Battery  
  61  6:04  Pylon  
  61  6:06  Observer  
  62  6:18  Pylon  
  62  6:20  Pylon  
  62  6:22  Phoenix  
  64  6:28  Immortal  
  64  6:31  Robotics Bay  
  68  6:40  Probe x2  
  70  6:47  Phoenix  
  70  6:52  Sentry  
  70  6:53  Sentry  
  70  6:54  Probe  
  77  7:13  Probe x2  
  77  7:15  Pylon  
  78  7:20  Phoenix  
  78  7:22  Colossus (Chrono Boost)  
  76  7:25  Observer  
  82  7:30  Extended Thermal Lance  
  82  7:31  Sentry  
  82  7:32  Zealot  
  86  7:37  Nexus  
  86  7:41  Pylon  
  86  7:45  Phoenix  
  86  7:47  Twilight Council, Forge  
  88  7:53  Probe, Observer  
  88  7:58  Probe  
  90  8:05  Probe  
  89  8:09  Colossus (Chrono Boost)  
  93  8:15  Probe  
  93  8:17  Zealot x3  
  100  8:31  Probe x2  
  100  8:32  Shield Battery  
  102  8:34  Shield Battery  
  102  8:36  Pylon  
  102  8:53  Probe  
  91  8:59  Probe  
  80  9:02  Stalker x3  
  80  9:08  Probe  
  79  9:12  Phoenix  
  85  9:25  Gateway  
  85  9:27  Stalker x2  
  85  9:29  Stalker  
  82  9:51  Pylon, Stalker x2  
  84  9:52  Stalker  
Show
View Real Time Build Order
Export as new Build Order

Future Terran - Winner!

Build Orders:  

Get SALT Encoding   

  12  0:00  SCV  
  13  0:12  SCV  
  14  0:17  Supply Depot  
  14  0:24  SCV  
  15  0:39  SCV  
  15  0:40  Barracks  
  16  0:45  Refinery  
  16  0:51  SCV  
  16  0:55  Refinery  
  17  1:03  SCV  
  18  1:15  SCV  
  19  1:26  Reaper  
  19  1:27  Orbital Command  
  20  1:35  Supply Depot  
  20  1:45  Factory  
  20  1:52  SCV  
  21  1:59  Barracks Tech Lab  
  21  2:05  SCV  
  22  2:08  Bunker  
  22  2:17  SCV  
  22  2:18  Marauder  
  22  2:19  Concussive Shells  
  25  2:26  Supply Depot  
  25  2:29  SCV  
  26  2:34  Hellion  
  28  2:41  SCV  
  28  2:42  Marauder  
  31  2:54  Starport  
  31  2:55  SCV  
  31  2:58  Factory Tech Lab  
  32  3:07  SCV  
  32  3:11  Marauder  
  35  3:17  Supply Depot  
  35  3:18  Cyclone  
  38  3:28  SCV  
  39  3:39  Marauder, Medivac  
  43  3:50  SCV  
  40  4:02  SCV  
  42  4:07  Command Center  
  42  4:14  Marine  
  42  4:15  Cyclone  
  42  4:18  Viking  
  42  4:19  SCV  
  45  4:26  Supply Depot  
  45  4:31  SCV  
  46  4:43  Barracks  
  46  4:44  SCV  
  47  4:47  Marine  
  47  4:48  Siege Tank  
  51  4:56  SCV  
  51  4:58  Viking  
  54  5:05  Marine  
  55  5:10  SCV  
  54  5:22  SCV  
  54  5:23  Marine  
  54  5:24  Orbital Command  
  59  5:28  Siege Tank  
  59  5:34  SCV  
  59  5:38  Barracks Reactor  
  59  5:41  Barracks  
  59  5:46  SCV  
  60  5:51  SCV  
  60  5:53  Supply Depot  
  60  5:54  Marine  
  62  5:57  Liberator  
  62  5:58  SCV  
  62  6:00  Barracks  
  62  6:03  SCV  
  67  6:09  Factory Reactor  
  67  6:10  SCV  
  68  6:12  Marine  
  68  6:15  SCV  
  68  6:17  Marine x2  
  72  6:18  Engineering Bay  
  72  6:23  SCV  
  73  6:27  SCV  
  73  6:29  Refinery  
  73  6:31  Supply Depot  
  74  6:34  Supply Depot  
  74  6:35  SCV, Marine  
  74  6:37  Marine x2  
  78  6:49  Barracks Tech Lab  
  78  6:52  Marine, SCV x2  
  78  6:53  Terran Infantry Weapons Level 1  
  81  6:55  Factory Tech Lab  
  81  6:56  Refinery, Supply Depot  
  81  6:58  Supply Depot  
  78  7:01  Marine x3  
  78  7:05  SCV x2  
  79  7:10  Marine  
  79  7:12  Stimpack  
  79  7:13  Combat Shield  
  80  7:17  SCV  
  80  7:19  Marine x3  
  82  7:26  Marauder, Supply Depot  
  82  7:27  Siege Tank  
  82  7:28  Marine  
  88  7:32  Barracks  
  88  7:34  SCV  
  88  7:35  Supply Depot  
  90  7:40  Marine x3  
  90  7:42  Medivac  
  95  7:47  Marine  
  95  7:48  Marauder  
  95  7:49  Medivac  
  99  7:57  Supply Depot  
  99  7:58  Supply Depot  
  99  7:59  Marine  
  100  8:06  Marauder  
  100  8:11  Marine  
  102  8:13  Marauder, Siege Tank  
  107  8:23  Marine  
  107  8:24  Marine  
  107  8:25  Viking x2  
  110  8:27  Marauder  
  110  8:30  Marine  
  110  8:33  Marine  
  114  8:34  Marauder  
  115  8:41  Marine  
  115  8:45  Siege Tank  
  119  8:54  Marauder  
  109  8:57  Marine x3, Marauder  
  109  8:59  Marine  
  106  9:12  Viking x2  
  106  9:14  Marine  
  106  9:15  Marine, Marauder  
  106  9:16  Marine  
  115  9:18  Marauder, Siege Tank  
  115  9:19  Marine  
  120  9:32  Marine  
  120  9:35  Marine x2  
  120  9:37  Marine, Marauder  
  125  9:40  Marauder  
  125  9:50  Marine  
Tags
 
Add a new tag
Caveats
  • Supply blocks, unpowered buildings, or Contaminate may cause inaccurate times.
  • Supply counts are checked every 10 seconds.